cohdb
Replays
Latest Replays
All Replays
Popular Replays
Top Player Replays
Match Explorer
How It Works
Community
CoH3 Stats
Reddit
Sign in to upload your games and track your stats! →
Sign in with Steam
Match 44285891
Unlisted
Match 44285891
Overview
Messages
Build Orders
End
Construct Barracks
Selects Airborne Battlegroup
Selects Heavy Machine Gun Paradrop
Heavy Machine Gun Paradrop
Riflemen Squad
Riflemen Squad
Selects Paratrooper Squad Paradrop
Paratrooper Squad Paradrop
Construct Weapon Support Center
Infantry Support Center
M3 Armored Personnel Carrier
Selects Anti-tank Gun Team Paradrop
乌拉
MonikaのPants
Symbiosis
combat0001
0
0
Comments
sign in to comment!
No comments posted yet!